 Dungeon Crawl Stone Soup version 0.17-a0-15-g0155121 (console) character file.

63041 MrRokkomies the Infuser (level 14, -2/113 HPs)
             Began as a Vampire Ice Elementalist on Mar 4, 2015.
             Was a High Priest of Dithmenos.
             Slain by a dire elephant (27 damage)
             ... on level 8 of the Lair of Beasts on Mar 5, 2015.
             The game lasted 02:59:22 (31065 turns).

MrRokkomies the Infuser (Vampire Ice Elementalist) Turns: 31065, Time: 02:59:23

Health: -2/113     AC: 18    Str: 16    XL:     14   Next: 66%
Magic:  2/31       EV: 27    Int: 17    God:    Dithmenos [*****.]
Gold:   555        SH:  0    Dex: 14    Spells: 8 memorised, 6 levels left

rFire  . . .     SeeInvis +     J - +1 morningstar (protect)
rCold  + + .     Clarity  .     p - +3 leather armour
rNeg   + + +     SustAb   .     (no shield)
rPois  +         Gourm    .     m - +1 helmet
rElec  .         Spirit   .     Z - +2 cloak
rCorr  .         Warding  .     V - +0 pair of gloves
rMut   .         Stasis   .     x - +0 pair of boots
MR     +....                    (no amulet)
Stlth  +++++++...               U - +5 ring of evasion
                                X - +4 ring of evasion

@: mighty, very slightly contaminated, regenerating slowly, wreathed by umbra,
repel missiles, somewhat resistant to hostile enchantments, extremely stealthy
A: bottle blood, fangs 3, see invisible, unbreathing
a: Bat Form, Shadow Step, Shadow Form, Renounce Religion


You were on level 8 of the Lair of Beasts.
You worshipped Dithmenos.
Dithmenos was extremely pleased with you.
You were near bloodless.

You visited 3 branches of the dungeon, and saw 20 of its levels.
You also visited: Labyrinth and Ossuary.

You collected 1385 gold pieces.
You spent 830 gold pieces at shops.

Inventory:

Hand weapons
 a - a +2 vampiric short sword
 b - a +0 blowgun
 J - a +1 morningstar of protection (weapon)
Missiles
 c - 51 poisoned needles
 i - 17 javelins (quivered)
 N - 4 curare-tipped needles
Armour
 d - the +5 ring mail of Twiosh {rF+ Regen+ Str-4 Stlth+}
   (You found it on level 8 of the Lair of Beasts)

   It affects your strength (-4).
   It protects you from fire.
   It increases your rate of regeneration.
   It makes you more stealthy.
 m - a +1 helmet (worn)
 p - a +3 leather armour (worn)
 x - a +0 pair of boots (worn)
 V - a +0 pair of gloves (worn)
 Z - a +2 cloak (worn)
Jewellery
 h - an uncursed ring of ice
 j - a +4 ring of intelligence
 o - an uncursed ring of protection from fire
 q - an uncursed ring of teleport control
 s - an uncursed ring of teleportation
 U - a +5 ring of evasion (right hand)
 X - a +4 ring of evasion (left hand)
Magical devices
 e - a wand of cold (14)
 v - a wand of lightning (6)
 C - a wand of cold (5)
 I - a wand of disintegration (9)
 O - a wand of teleportation (4)
 R - a wand of draining (0)
Scrolls
 g - 8 scrolls of remove curse
 r - 6 scrolls of recharging
 A - 7 scrolls of teleportation
 E - 4 scrolls of magic mapping
 M - a scroll of silence
 Q - 7 scrolls of identify
 Y - 3 scrolls of fog
Potions
 f - a potion of restore abilities
 k - 2 potions of agility
 n - 2 potions of flight
 z - a potion of magic
 B - 2 potions of haste
 F - 5 potions of curing
 H - 3 potions of ambrosia
 P - a potion of might
 S - 4 potions of brilliance
Miscellaneous
 D - a lantern of shadows


   Skills:
 - Level 11.4 Fighting
   Level 0.4 Long Blades
 * Level 10.6 Dodging
 - Level 6.5 Stealth
 * Level 9.9 Spellcasting
 - Level 7.0 Conjurations
 - Level 12.0 Charms
 - Level 4.2 Summonings
 - Level 10.0 Ice Magic


You had 6 spell levels left.
You knew the following spells:

 Your Spells              Type           Power        Failure   Level  Hunger
a - Freeze                Ice            ####         1%          1    None
b - Ozocubu's Armour      Chrm/Ice       #####...     1%          3    None
c - Summon Ice Beast      Ice/Summ       ####....     8%          4    ###....
d - Condensation Shield   Ice            #####.....   1%          4    ###....
e - Throw Icicle          Conj/Ice       #####...     3%          4    ###....
f - Haste                 Chrm           #####...     14%         6    ######.
g - Blink                 Tloc           N/A          21%         2    None
h - Repel Missiles        Chrm/Air       ####..       1%          2    None


Dungeon Overview and Level Annotations

Branches:
Dungeon (11/15)            Temple (1/1) D:7            Lair (8/8) D:11
  Swamp (0/5) Lair:5        Snake (0/5) Lair:4        Slime (0/6) Lair:6
    Orc (0/4) D:9

Altars:
Ashenzari
Cheibriados
Dithmenos
Elyvilon
Fedhas
Gozag
Kikubaaqudgha
Makhleb
Nemelex Xobeh
Okawaru
Qazlal
Ru
Sif Muna
Trog
Vehumet
Xom
Yredelemnul
Zin
The Shining One

Shops:
D:5 }   D:7 %   D:9 =   D:10 *[


Innate Abilities, Weirdness & Mutations

You heal slowly.
You can bottle blood from corpses.
You have razor-sharp teeth.
You have supernaturally acute eyesight.
You can survive without breathing.


Message History

You are feeling very thirsty.
The dire elephant is severely wounded.
The dire elephant tramples you!
You stumble backwards!
The dire elephant barely misses you. x2
You sock the dire elephant!
The dire elephant is almost dead.
Your shadow hits the dire elephant with a morningstar.
The dire elephant tramples you!!
* * * LOW HITPOINT WARNING * * *
You hold your ground!
The dire elephant completely misses you.
You feel almost devoid of blood!
You hit the dire elephant but do no damage.
The dire elephant is almost dead.
Your shadow hits the dire elephant but does no damage.
The dire elephant completely misses you.
The dire elephant trunk-slaps you.
* * * LOW HITPOINT WARNING * * *
The dire elephant tramples you!!
You die... 7 .. .7 .. ..7 7. 7.. 7. 7..7. 7.†77 77777+

7..77 77.77.777 #++
77..77 77.......777 ...
77777..777...777@Y..777
... ..7777.7..7777
7777...77 777..7
....7...777
77...77777..7 777....77
777...7.Y777 77..77
7.....777 77.7 77...77
77.7 77.77 77.77


777777 77777777 777..777777777....7777777....7777 You could see a dire elephant.

Vanquished Creatures
  Rupert (Lair:4)
  Harold (Lair:5)
  6 hydras
  A minotaur (Lab)
  2 death yaks
  Erolcha (D:9)
  2 griffons
  4 oklob plants (Lair:7)
  8 elephants
  6 black mambas
  10 spiny frogs
  A queen ant (Lair:7)
  A kobold demonologist (D:11)
  4 komodo dragons
  3 fire drakes
  A two-headed ogre (D:10)
  2 giant leeches (Lair:5)
  A polar bear (Lair:7)
  2 trolls
  5 blink frogs (Lair:8)
  A spriggan (Lair:2)
  A human (D:9)
  A basilisk (Lair:7)
  4 wyverns
  2 wraiths
  Eustachio (D:6)
  A steam dragon (Lair:2)
  51 yaks
  3 hungry ghosts
  11 wolves
  11 hippogriffs
  The ghost of hornqvist the Covert, an average OpAs (D:3)
  4 soldier ants (Lair:7)
  17 water moccasins
  A swamp worm (Lair:5)
  A wasp (Lair:2)
  12 porcupines
  4 orc warriors (D:11)
  2 phantoms
  3 ogres
  A necrophage (D:11)
  5 sky beasts
  2 black bears
  2 boring beetles (Lair:8)
  11 crocodiles
  Sigmund (D:4)
  6 big kobolds
  Duvessa (D:4)
  17 giant frogs
  Blork the orc (D:11)
  A wyvern zombie (D:7)
  7 scorpions
  A wyvern skeleton (D:8)
  7 wights
  2 electric eels (D:11)
  A spriggan skeleton (Lab)
  2 wolf zombies (D:11)
  7 killer bees
  3 centaur zombies
  Dowan (D:4)
  2 goliath beetles (D:6)
  3 centaur skeletons (Lab)
  8 crimson imps
  3 jellies
  11 hounds
  2 giant frog skeletons
  8 orc priests
  10 sheep
  2 hell rats (Lair:2)
  6 orc wizards
  35 worker ants
  14 iguanas
  2 big kobold zombies (Ossuary)
  Ijyb (D:5)
  Jessica (D:2)
  A hound zombie (D:11)
  4 mummies
  2 hound skeletons
  A worker ant zombie (D:6)
  Robin (D:3)
  8 gnolls (D:3)
  21 adders
  64 river rats
  3 giant mites
  3 shadow imps
  2 worms
  6 adder zombies (Ossuary)
  4 giant geckos
  An ooze (D:1)
  35 orcs
  2 ball pythons
  A bat skeleton (D:6)
  2 bat zombies
  8 giant cockroaches
  22 goblins
  25 hobgoblins
  8 jackals
  26 kobolds
  8 quokkas
  A ball python skeleton (D:4)
  17 bats
  6 giant newts
  2 giant spores
  A gnoll zombie (Ossuary)
  A goblin zombie (D:7)
  2 hobgoblin zombies (Ossuary)
  A jackal zombie (D:6)
  10 kobold zombies
  4 orc zombies (Ossuary)
  A quokka skeleton (D:10)
  A quokka zombie (D:5)
  13 rats
  2 ballistomycetes (D:6)
701 creatures vanquished.

Vanquished Creatures (collateral kills)
  Erica (Lair:3)
  A catoblepas (Lair:8)
  Nergalle (Lair:6)
  2 hill giants
  An ugly thing (D:11)
  An elephant (Lair:8)
  A guardian serpent (Lair:4)
  A cyclops (D:11)
  6 spiny frogs
  4 komodo dragons
  A black mamba (Lair:7)
  A troll (D:11)
  4 basilisks
  9 yaks
  2 wyverns
  A soldier ant (Lair:7)
  A hippogriff (D:10)
  A warg (D:9)
  3 wolves (Lair:1)
  A swamp worm (Lair:5)
  A water moccasin (Lair:6)
  An orc warrior (D:9)
  A crocodile (Lair:3)
  A giant frog (D:11)
  A wight (D:11)
  2 killer bees (D:7)
  2 giant frog zombies (D:11)
  A hound (Lair:5)
  An iguana (Lair:1)
  An orc priest (D:9)
  An orc wizard (D:9)
  2 worker ants (Lair:7)
  13 sheep (Lair:6)
  An adder (Lair:5)
  5 river rats
  3 orcs
  A quokka (Lair:3)
  A plant (Lair:2)
82 creatures vanquished.

Vanquished Creatures (others)
  A fire vortex (Lair:7)
  46 ice beasts
  A crimson imp (D:5)
  A jelly (D:10)
  An orc wizard (D:10)
  10 fungi
  14 plants
74 creatures vanquished.

Grand Total: 857 creatures vanquished

Notes
Turn   | Place    | Note
--------------------------------------------------------------
     0 | D:1      | MrRokkomies, the Vampire Ice Elementalist, began the quest for the Orb.
     0 | D:1      | Reached XP level 1. HP: 13/13 MP: 3/3
   185 | D:1      | Reached XP level 2. HP: 10/19 MP: 1/4
   832 | D:1      | Reached XP level 3. HP: 12/24 MP: 6/6
   942 | D:1      | Learned a level 3 spell: Ozocubu's Armour
  1063 | D:2      | Found an opulent altar of Gozag.
  1231 | D:2      | Reached skill level 4 in Ice Magic
  1602 | D:2      | Found an opulent altar of Gozag.
  2089 | D:2      | Reached XP level 4. HP: 23/30 MP: 7/7
  2136 | D:2      | Noticed Jessica
  2142 | D:2      | Killed Jessica
  2315 | D:3      | Noticed hornqvist's ghost (average OpAs)
  2335 | D:3      | Found a bloodstained altar of Trog.
  2366 | D:3      | Noticed Robin
  2415 | D:3      | Reached skill level 1 in Charms
  3020 | D:3      | Killed hornqvist's ghost
  3020 | D:3      | Reached XP level 5. HP: 29/35 MP: 7/9
  3040 | D:3      | Reached skill level 5 in Ice Magic
  3362 | D:3      | Reached XP level 6. HP: 39/41 MP: 10/10
  3408 | D:3      | Killed Robin
  3775 | D:3      | Reached skill level 5 in Dodging
  3921 | D:3      | Learned a level 4 spell: Summon Ice Beast
  4041 | D:4      | Noticed Dowan
  4052 | D:4      | Killed Dowan
  4055 | D:4      | Noticed Duvessa
  4103 | D:4      | Reached skill level 1 in Fighting
  4599 | D:4      | Noticed Sigmund
  4609 | D:4      | Killed Sigmund
  4609 | D:4      | Reached XP level 7. HP: 41/49 MP: 1/12
  4877 | D:4      | Killed Duvessa
  5259 | D:5      | Entered Level 5 of the Dungeon
  5357 | D:5      | Found Chowucuph's Gadget Boutique.
  5361 | D:5      | Bought a lantern of shadows for 280 gold pieces
  5468 | D:5      | Found a shimmering altar of Xom.
  5501 | D:5      | Reached skill level 6 in Ice Magic
  5529 | D:5      | Reached skill level 1 in Summonings
  5534 | D:5      | Noticed Ijyb
  5542 | D:5      | Killed Ijyb
  5721 | D:5      | Reached XP level 8. HP: 26/58 MP: 11/13
  6598 | D:5      | Reached skill level 5 in Fighting
  6734 | D:6      | Learned a level 4 spell: Condensation Shield
  7127 | D:6      | Found an iron altar of Okawaru.
  7185 | D:6      | Noticed Eustachio
  7199 | D:6      | Killed Eustachio
  7199 | D:6      | Reached XP level 9. HP: 54/69 MP: 12/19
  7506 | D:6      | Found a snail-covered altar of Cheibriados.
  7851 | D:7      | Found a sand-covered staircase.
  7858 | Ossuary  | Entered an ossuary
  8345 | D:7      | Found a staircase to the Ecumenical Temple.
  8356 | Temple   | Entered the Ecumenical Temple
  8583 | Temple   | Became a worshipper of Dithmenos the Shadowed
  8699 | D:7      | Found Gheyjasm's Food Boutique.
  8718 | D:7      | Reached skill level 7 in Ice Magic
  8741 | D:7      | Reached skill level 5 in Spellcasting
  8747 | D:7      | Learned a level 4 spell: Throw Icicle
  9899 | D:8      | Found an iron altar of Okawaru.
  9946 | D:8      | Reached skill level 8 in Ice Magic
 10643 | D:9      | Found a glowing silver altar of Zin.
 10916 | D:9      | Reached XP level 10. HP: 55/76 MP: 18/22
 11326 | D:9      | Found a staircase to the Orcish Mines.
 11474 | D:9      | Reached skill level 9 in Ice Magic
 11480 | D:9      | Found Caats' Jewellery Shoppe.
 11627 | D:9      | Acquired Dithmenos' first power
 11756 | D:9      | Noticed Erolcha
 11776 | D:9      | Killed Erolcha
 12102 | D:10     | Entered Level 10 of the Dungeon
 12547 | D:10     | Found a shattered altar of Ashenzari.
 12574 | D:10     | Found Gucuq's Armour Shoppe.
 12591 | D:10     | Saw a vision of the Swamp and the Snake Pit.
 12591 | D:10     | Noticed a black mamba
 12595 | D:10     | Noticed an anaconda
 12638 | D:10     | Found Stia's Assorted Antiques.
 12714 | D:10     | Reached skill level 1 in Conjurations
 12731 | D:10     | Noticed a hill giant
 12745 | D:10     | Killed a hill giant
 12745 | D:10     | Reached skill level 10 in Ice Magic
 12870 | D:11     | Noticed a hill giant
 12888 | D:11     | Killed a hill giant
 13107 | D:11     | Gained mutation: You are dopey. (Int -2) [a neqoxec]
 13111 | D:11     | Gained mutation: You are very dopey. (Int -4) [a neqoxec]
 13121 | D:11     | Reached XP level 11. HP: 81/81 MP: 23/23
 13127 | D:11     | Noticed an ice devil
 13211 | D:11     | Acquired Dithmenos' second power
 13609 | D:11     | Noticed Blork the orc
 13697 | D:11     | Reached skill level 5 in Conjurations
 14095 | D:11     | Killed Blork the orc
 14558 | D:11     | Found a staircase to the Lair.
 14666 | D:11     | Reached XP level 12. HP: 57/88 MP: 15/27
 14823 | D:11     | Learned a level 6 spell: Haste
 15028 | D:11     | Noticed a cyclops
 15045 | D:11     | Killed a cyclops
 15162 | D:11     | Acquired Dithmenos' third power
 15261 | Lair:1   | Entered Level 1 of the Lair of Beasts
 16968 | Lair:2   | Found a labyrinth entrance.
 16978 | Lab      | Entered a labyrinth
 17376 | Lab      | Noticed a minotaur
 17387 | Lab      | Killed a minotaur
 17525 | Lab      | Got an iridescent trident
 17548 | Lair:2   | Identified the cursed -1 trident of Zyebbaw {pain, rF+ Int-5 Dex+2} (You found it in a labyrinth)
 17657 | Lair:2   | Noticed a seven-headed hydra
 17668 | Lair:2   | Killed a seven-headed hydra
 17668 | Lair:2   | Reached XP level 13. HP: 39/98 MP: 12/28
 18109 | Lair:2   | Learned a level 2 spell: Blink
 18112 | Lair:2   | Learned a level 2 spell: Repel Missiles
 18968 | Lair:3   | Lost mutation: You are very dopey. (Int -4) [potion of cure mutation]
 18968 | Lair:3   | Lost mutation: You are dopey. (Int -2) [potion of cure mutation]
 19091 | Lair:3   | Noticed Erica
 19109 | Lair:3   | Killed Erica
 19286 | Lair:3   | Acquired Dithmenos' fourth power
 19286 | Lair:3   | Reached skill level 10 in Charms
 19971 | Lair:4   | Noticed Rupert
 20174 | Lair:4   | Killed Rupert
 20547 | Lair:4   | Found a staircase to the Snake Pit.
 21101 | Lair:5   | Reached skill level 11 in Charms
 21732 | Lair:5   | Found a staircase to the Swamp.
 22051 | Lair:5   | Reached skill level 10 in Fighting
 22190 | Lair:5   | Noticed Harold
 22229 | Lair:5   | Killed Harold
 23299 | Lair:5   | Upgraded the game from 0.17-a0-4-gb793c6d to 0.17-a0-15-g0155121
 23492 | Lair:5   | Reached skill level 12 in Charms
 23794 | Lair:6   | Noticed Nergalle
 23826 | Lair:6   | Killed Nergalle
 24284 | Lair:6   | Found a staircase to the Slime Pits.
 24373 | Lair:6   | Identified a scroll of acquirement
 24694 | Lair:7   | Reached XP level 14. HP: 90/111 MP: 6/29
 24898 | Lair:7   | Got a bloodstained helmet
 24915 | Lair:7   | Identified the cursed -4 helmet of Scheir {Contam rElec rC+} (You found it on level 7 of the Lair of Beasts)
 27133 | D:9      | Bought an uncursed ring of ice for 275 gold pieces
 27133 | D:9      | Bought an uncursed ring of protection from fire for 275 gold pieces
 27730 | Lair:8   | Entered Level 8 of the Lair of Beasts
 28063 | Lair:8   | Got an aquamarine-encrusted ring mail
 28074 | Lair:8   | Identified the +5 ring mail of Twiosh {rF+ Regen+ Str-4 Stlth+} (You found it on level 8 of the Lair of Beasts)
 29092 | Lair:8   | Got a crude ring mail
 29093 | Lair:8   | Identified the cursed -3 ring mail of Ladders and Snakes {rF++ MP-9 Str-2 Dex+2 SInv} (You found it on level 8 of the Lair of Beasts)
 29208 | Lair:8   | Reached skill level 10 in Dodging
 31065 | Lair:8   | Slain by a dire elephant

Action                   |  1- 3 |  4- 6 |  7- 9 | 10-12 | 13-15 || total
-------------------------+-------+-------+-------+-------+-------++-------
Melee: Unarmed           |    14 |       |       |       |       ||    14
       Dagger            |   147 |    45 |       |       |       ||   192
       Trident           |       |    42 |       |       |       ||    42
       Short sword       |       |   132 |   296 |  1055 |  1599 ||  3082
       Morningstar       |       |       |   461 |   753 |   822 ||  2036
 Fire: Blowgun           |       |       |     5 |     9 |    44 ||    58
Throw: Javelin           |     3 |       |    15 |    19 |    11 ||    48
       Stone             |     1 |       |     3 |       |       ||     4
 Cast: Freeze            |    18 |    56 |    91 |    50 |    58 ||   273
       Ozocubu's Armour  |       |     4 |    20 |    32 |    55 ||   111
       Condensation Shie |       |       |     6 |    34 |    50 ||    90
       Summon Ice Beast  |       |       |     2 |    36 |    79 ||   117
       Throw Icicle      |       |       |       |    16 |   120 ||   136
       Repel Missiles    |       |       |       |       |     2 ||     2
 Abil: End Transformatio |       |     1 |       |       |       ||     1
       Bat Form          |       |     1 |       |       |       ||     1
Evoke: Wand              |       |       |     1 |       |     9 ||    10
  Use: Scroll            |     5 |     1 |    15 |     9 |    14 ||    44
       Potion            |       |     3 |     2 |     3 |    10 ||    18
 Stab: Sleeping          |     5 |     3 |    19 |    14 |    42 ||    83
       Distracted        |       |       |       |     4 |     8 ||    12
  Eat: Corpse            |     3 |     5 |    15 |    14 |    20 ||    57
